 Dungeon Crawl Stone Soup version 0.27-a0-1287-gca74d27db6 (webtiles) character file.

Game seed: 3093479781515807720

9 flotson the Skirmisher (level 2, 24/24 HPs)
             Began as a Demonspawn Fighter on June 15, 2021.
             Quit the game on level 1 of the Dungeon.
             The game lasted 00:00:52 (361 turns).

flotson the Skirmisher (Demonspawn Fighter)          Turns: 361, Time: 00:00:53

Health: 24/24      AC:  6    Str: 16    XL:     2   Next: 6%
Magic:  2/2        EV:  7    Int:  9    God:
Gold:   7          SH:  8    Dex: 12    Spells: 1/1 levels left

rFire    . . .     SeeInvis .   a - +0 war axe
rCold    . . .     Faith    .   c - +0 kite shield
rNeg     . . .     Spirit   .   b - +0 scale mail
rPois    .         Reflect  .   (no helmet)
rElec    .         Harm     .   (no cloak)
rCorr    .         Rampage  .   (no gloves)
Will     .....                  (no boots)
Stlth    ..........             (no amulet)
HPRegen  0.08/turn              (no ring)
MPRegen  0.08/turn              (no ring)

@: no status effects
A: demonic magic 1
a: no special abilities


You were on level 1 of the Dungeon.
You visited 1 branch of the dungeon, and saw 1 of its levels.

You collected 7 gold pieces.

Inventory:

Hand Weapons
 a - a +0 war axe (weapon)
Armour
 b - a +0 scale mail (worn)
 c - a +0 kite shield (worn)
Jewellery
 h - a ring of wizardry
Scrolls
 e - a scroll of noise {unknown}
 g - a scroll of identify {unknown}
Potions
 d - a potion of might
 f - a potion of flight {unknown}


   Skills:
 + Level 3.1 Fighting
 + Level 1.9 Axes
 + Level 2.8 Armour
 + Level 0.4 Dodging
 + Level 2.8 Shields


You had one spell level left.
You didn't know any spells.
Your spell library was empty.

Dungeon Overview and Level Annotations

Branches:
Dungeon (1/15)

Altars:

Shops:
D:1 (=[


Innate Abilities, Weirdness & Mutations

Spells you cast may paralyse adjacent enemies.


Message History

You see here a bat corpse.
Found Qusaexat's Weapon Shop.
A dart slug comes into view.
The dart slug launches a dart at you. You block the slug dart.
There is an entrance to Qusaexat's Weapon Shop here.
Found 5 gold pieces.
A bat and a goblin come into view.
The goblin shouts!
The dart slug bites you.
You hit the dart slug.
The dart slug is moderately wounded.
The bat hits you but does no damage. The dart slug launches a dart at you.
You block the slug dart. The bat barely misses you.
Your shield prevents you from hitting the dart slug.
The dart slug is moderately wounded.
You hit the bat but do no damage. The bat hits you but does no damage. x3
You block the dart slug's attack.
You slash the dart slug!
You kill the dart slug!
You hit the bat. The bat barely misses you.
The bat hits you but does no damage. You block the bat's attack.
A giant cockroach comes into view.
You slash the bat!
You kill the bat!
You hit the goblin. You block the goblin's attack.
The goblin barely misses you.
You hit the goblin.
You kill the goblin!
You have reached level 2!
Your demonic ancestry asserts itself...
A menacing aura infuses your magic.
You slash the giant cockroach!
You kill the giant cockroach!
No target in view!
You see here a bat corpse.
There is an entrance to Qusaexat's Weapon Shop here.
Unknown command.
Are you sure you want to abandon this character and quit the game? (Confirm with "yes".)

#.#.#.#..
#.#.#.#..
#.#.#.# ###
#.#.# #.#
..$#.#.#.#.###
##.#.#.#......
#..........#
#..#.#.#......
#.....@#.#####
#.....†.......
#..#.#..######
#.....).......
###..#.#..###.
#.......# #.
#...... #.
##..#### # ..


There were no monsters in sight!

Vanquished Creatures
  A dart slug (D:1)
  2 bats (D:1)
  A giant cockroach (D:1)
  A goblin (D:1)
  A hobgoblin (D:1)
  A rat (D:1)
7 creatures vanquished.

Notes
Turn   | Place    | Note
-------+----------+-------------------------------------------
     0 | D:1      | flotson the Demonspawn Fighter began the quest for the Orb.
     0 | D:1      | Reached XP level 1. HP: 18/18 MP: 1/1
   136 | D:1      | Found Manumixu's Jewellery Shoppe.
   192 | D:1      | Found Hiczep's Armour Shoppe.
   343 | D:1      | Found Qusaexat's Weapon Shop.
   358 | D:1      | Gained mutation: Spells you cast may paralyse adjacent
                  | enemies. [demonic ancestry]
   358 | D:1      | Reached XP level 2. HP: 24/24 MP: 2/2
   361 | D:1      | Quit the game

Illustrated notes

Levels and vault maps discovered:
D:1:      dpeg_arrival_renting, layout_basic, serial_shops, shop,
          nicolae_shop_waterfront, shop, shop, shop,
          hangedman_decor_clover_reticule

Action                   || total
-------------------------++-------
Melee: War axe           ||    16
Armor: Scale mail        ||    13
Dodge: Dodged            ||     6
Block: Kite shield       ||    13

Table legend: (Time is in decaauts)
 A = Elapsed time spent in this place.
 B = Non-inter-level travel time spent in this place.
 C = Inter-level travel time spent in this place.
 D = Time resting spent in this place.
 E = Time spent auto-exploring this place.
 F = Levels seen in this place.
 G = Mean time per level.
                   A        B        C        D        E       F      G
               +--------+--------+--------+--------+--------+-----+--------+
         Total |    371 |    371 |      0 |      0 |    321 |   1 |  371.0 |
       Dungeon |    371 |    371 |      0 |      0 |    321 |   1 |  371.0 |
               +--------+--------+--------+--------+--------+-----+--------+

Top non-repeatable levels by time:
     D:1: 371 daAuts
